 Dungeon Crawl Stone Soup version 0.31-a0-700-gf13585253f (webtiles) character file.

Game seed: 15686010917435943374

85 Aneyh the Poker (level 4, 0/28 HPs)
             Began as a Tengu Monk on Sept 8, 2023.
             Killed from afar by an orc wizard (11 damage)
             ... with a puff of flame
             ... on level 3 of the Dungeon.
             The game lasted 00:04:31 (2594 turns).

Aneyh the Poker (Tengu Monk)                        Turns: 2594, Time: 00:04:32

Health: 0/28       AC:  2    Str: 13    XL:     4   Next: 48%
Magic:  5/5        EV: 13    Int: 11    God:
Gold:   140        SH:  0    Dex: 16    Spells: 3/3 levels left

rFire   . . .        a - +0 spear
rCold   . . .        (no shield)
rNeg    . . .        b - +0 robe
rPois   .            (helmet restricted)
rElec   .            (no cloak)
rCorr   .            (no gloves)
SInv    .            (boots unavailable)
Will    .....        (no amulet)
Stlth   +            (no ring)
HPRegen 0.24/turn    (no ring)
MPRegen 0.09/turn

%: acrobat
@: confused
A: beak, talons 3, acrobatic
a: no special abilities


You were on level 3 of the Dungeon.
You visited 1 branch of the dungeon, and saw 3 of its levels.

You collected 140 gold pieces.

Inventory:

Hand Weapons
 a - a +0 spear (weapon)
Missiles
 i - 4 javelins (quivered)
Armour
 b - a +0 robe (worn)
 d - an orb of light
 h - a +0 ring mail
 k - a +0 leather armour
Jewellery
 l - the ring of Fommapt {Contam EV+5 Int+8}
   (You found it on level 3 of the Dungeon)

   [ring of evasion]

   EV+5:      It affects your evasion (+5).
   Int+8:     It affects your intelligence (+8).
   Contam:    It causes magical contamination when unequipped.
Talismans
 g - a beast talisman
Scrolls
 e - 4 scrolls of teleportation {unknown}
 f - 2 scrolls of amnesia {unknown}
Potions
 c - a potion of ambrosia
 j - 3 potions of curing {unknown}
 m - a potion of might {unknown}


   Skills:
 - Level 3.0 Fighting
 + Level 5.6 Polearms
 - Level 3.2 Dodging


You had 3 spell levels left.
You didn't know any spells.
Your spell library was empty.

Dungeon Overview and Level Annotations

Branches:
Dungeon (3/15)

Altars:
Yredelemnul

Shops:
D:1 !


Innate Abilities, Weirdness & Mutations

You have a beak for a mouth.
You have claws for feet.
You can magically evade attacks while moving or waiting.


Message History

No target in view!
An orc wizard comes into view. It is wielding a +0 dagger.
The orc wizard shouts!
You hear a shout!
The orc wizard points at you and mumbles some strange words.
The magic dart hits you!
You hit the orc wizard. Your kick misses the orc wizard.
You punch the orc wizard, but do no damage.
The orc wizard is heavily wounded.
You hit the orc wizard. Your peck misses the orc wizard.
The orc wizard is heavily wounded.
An orc comes into view. It is wielding a +0 mace.
The orc wizard barely misses you.
You barely miss the orc wizard.
The orc wizard is heavily wounded.
The orc wizard hits you with a +0 dagger.
You barely miss the orc wizard. Your kick misses the orc wizard.
The orc wizard is heavily wounded.
The orc wizard hits you with a +0 dagger.
You hit the orc wizard but do no damage.
Your peck misses the orc wizard.
The orc wizard is heavily wounded.
The orc wizard gestures at you while chanting.
You are confused.
You are too confused!
Unknown command.
The orc wizard casts a spell at you. The magic dart hits you.
The orc attacks as it pursues you! The orc completely misses you.
You hit the orc. Your kick misses the orc.
The orc is moderately wounded.
Unknown command.
You're too confused to move!
The orc throws a boomerang.
The boomerang hits you. The orc wizard casts a spell at you.
You are more confused.
Unknown command.
You bump into the rock wall.
The orc closely misses you.
The orc wizard points at you and mumbles some strange words.
The puff of flame hits you!
You die...

#.#...###.#.......<........
#..##......................
##.##..........#.#.........
#..#............#.....##.#
##.#............##.......#
####.#..........###..##..###
.....#...............##..##
.....##..#.#.#..oo.#..#...# ##
.....###........@.o.#.....### #.
(......##...)...##..........# #.
.......##..#..#####..#......####.
#..###..#....## ##..##......#..
##.# #........#####..†......(....
#.####........††................
#†##.......##..###.>..........†.
##..#....#.####..########.....##.
.....#...#....##......###...#####


You could see an orc wizard and 2 orcs.

Vanquished Creatures
  3 adders
  A dart slug (D:2)
  2 bats
  5 endoplasms
  3 giant cockroaches
  7 goblins
  2 hobgoblins
  9 jackals
  2 kobolds
  3 quokkas
  5 ball pythons
  3 frilled lizards
  5 rats
50 creatures vanquished.

Notes
Turn   | Place    | Note
-------+----------+-------------------------------------------
     0 | D:1      | Aneyh the Tengu Monk began the quest for the Orb.
     0 | D:1      | Reached XP level 1. HP: 14/14 MP: 2/2
   218 | D:1      | Reached XP level 2. HP: 14/19 MP: 3/3
   320 | D:1      | Reached skill level 4 in Polearms
  1254 | D:1      | Reached XP level 3. HP: 21/23 MP: 4/4
  1505 | D:1      | Found Tivuos's Distillery.
  1752 | D:2      | Reached skill level 5 in Polearms
  1966 | D:2      | Found a basalt altar of Yredelemnul.
  2349 | D:3      | Identified the ring of Fommapt {Contam EV+5 Int+8}
  2356 | D:3      | Reached XP level 4. HP: 28/28 MP: 5/5
  2594 | D:3      | Killed from afar by an orc wizard

Illustrated notes

Levels and vault maps discovered:
D:1:      minmay_arrival_stair_chambers, layout_rooms, serial_shops,
          nicolae_shop_back_alley_shop, minmay_misc_feat_hallway,
          roderic_lattice_a, nicolae_twisty_statue_hallways
D:2:      layout_loops_ring, basic_altar
D:3:      layout_rooms, hellmonk_ecumenical_altar_leap_of_faith

Skill      XL: |  1  2  3 |
---------------+----------+-----
Polearms       | 4 5 |  5.6
Fighting       | |  3.0
Dodging        | |  3.2

Action                     |  1- 3 |  4- 6 || total
---------------------------+-------+-------++-------
  Melee: Spear             |    83 |    38 ||   121
         Kick              |    18 |     9 ||    27
         Peck              |     9 |     2 ||    11
         Punch             |     1 |     1 ||     2
  Throw: Javelin           |       |     1 ||     1
   Stab: Sleeping          |     5 |       ||     5
 Armour: Robe              |    27 |    30 ||    57
  Dodge: Dodged            |    39 |    37 ||    76
         Form:             |     1 |       ||     1
         Beast             |     1 |       ||     1

Table legend: (Time is in decaauts)
 A = Elapsed time spent in this place.
 B = Non-inter-level travel time spent in this place.
 C = Inter-level travel time spent in this place.
 D = Time resting spent in this place.
 E = Time spent auto-exploring this place.
 F = Levels seen in this place.
 G = Mean time per level.
                   A        B        C        D        E       F      G
               +--------+--------+--------+--------+--------+-----+--------+
         Total |   2578 |   2484 |     94 |    803 |   1379 |   3 |  859.3 |
       Dungeon |   2578 |   2484 |     94 |    803 |   1379 |   3 |  859.3 |
               +--------+--------+--------+--------+--------+-----+--------+

Top non-repeatable levels by time:
     D:1: 1546 daAuts
     D:2: 769 daAuts
     D:3: 261 daAuts
